 Dungeon Crawl Stone Soup version 0.16-a0-4099-g0be755f (webtiles) character file.

50 McCoppin the Cudgeler (level 3, 0/29 HPs)
             Began as a Mummy Fighter on Feb 25, 2015.
             Killed from afar by Terence (8 damage)
             ... with a wand of magic darts
             ... on level 2 of the Dungeon.
             The game lasted 00:05:14 (1137 turns).

McCoppin the Cudgeler (Mummy Fighter)               Turns: 1137, Time: 00:05:14

Health: 0/29       AC:  8    Str: 20    XL:     3   Next: 55%
Magic:  3/3        EV:  7    Int:  7    God:
Gold:   55         SH:  9    Dex: 11    Spells: 0 memorised, 2 levels left

rFire  x . .     SeeInvis .     f - +2 whip (vamp)
rCold  + . .     Clarity  .     b - +0 scale mail
rNeg   + + +     SustAb   .     c - +1 shield
rPois  ∞         Gourm    .     j - +0 helmet
rElec  .         Spirit   .     (no cloak)
rCorr  .         Warding  .     (no gloves)
rMut   .         Stasis   .     g - +0 pair of boots
MR     .....                    (no amulet)
Stlth  ..........               (no ring)
                                (no ring)

@: not resistant to hostile enchantments, extremely unstealthy
A: no food or potions, fire vulnerability, restore body, cold resistance 1,
negative energy resistance 3, poison resistance, torment resistance, unbreathing
a: no special abilities


You were on level 2 of the Dungeon.
You were not hungry.

You visited 1 branch of the dungeon, and saw 2 of its levels.

You collected 55 gold pieces.

Inventory:

Hand weapons
 a - a +0 flail
 f - a +2 vampiric whip (weapon)
 m - a +0 whip
Missiles
 d - 24 stones (quivered)
Armour
 b - a +0 scale mail (worn)
 c - a +1 shield (worn)
 g - a +0 pair of boots (worn)
 j - a +0 helmet (worn)
Scrolls
 e - 3 scrolls of remove curse {unknown}
 h - 4 scrolls of identify {unknown}
 k - 2 scrolls of teleportation {unknown}


   Skills:
 - Level 3.0 Fighting
 + Level 3.2 Maces & Flails
 - Level 2.4 Armour
 - Level 2.4 Shields


You had 2 spell levels left.
You didn't know any spells.

Dungeon Overview and Level Annotations

Branches:
Dungeon (2/15)

Altars:

Annotations:
D:2 Terence


Innate Abilities, Weirdness & Mutations

You do not eat or drink.
Your flesh is vulnerable to fire.
Your flesh is cold resistant.
You are immune to negative energy.
Your system is resistant to poisons.
You are immune to unholy pain and torment.
You can survive without breathing.


Message History

Terence zaps a wand.
The magic dart hits you!
Read which item? (? for menu, Esc to quit)
As you read the scroll labeled CHAARE NOESO, it crumbles to dust.
It is a scroll of enchant weapon.
Enchant which weapon? (? for menu, Esc to quit)
Your +1 vampiric whip glows red for a moment.
Read which item? (? for menu, Esc to quit)
As you read the scroll labeled NAAJA ZAAT, it crumbles to dust.
It is a scroll of enchant armour.
Enchant which item? (? for menu, Esc to quit)
Your +0 shield glows green for a moment.
Read which item? (? for menu, Esc to quit)
Okay, then.
You aren't carrying any items that can be evoked.
Unknown command.
Terence zaps a wand.
The magic dart hits you!
Terence zaps a wand.
The magic dart hits you!
* * * LOW HITPOINT WARNING * * *
Terence zaps a wand.
The magic dart hits you!
You die...

#....####.....#####.#.####
#....†....................
#######....##############.#.####
#.......>.......................
#.#######################.#.####
#.# #............#.# #.#
#.##########.#.#
#.############.#......@.#.#.##
#..............@.######.#<...#
#.#.##########.########.#....#
#.#.#.....# #.#.@......#.%..#
#.#.#.....# #.#.########.)..#
#.#.#.....####.#.# #.#)##
#.#............#.# #.#.#
#.#<#.)...####.#.# #.#.#
#.#............#.########.#.#
.############.#..........#.#


You could see Terence.

Vanquished Creatures
  An adder (D:2)
  2 worms
  A bat (D:2)
  2 giant cockroaches
  5 goblins (D:1)
  3 hobgoblins
  8 kobolds
  2 giant newts
  6 rats (D:1)
30 creatures vanquished.

Notes
Turn   | Place    | Note
--------------------------------------------------------------
     0 | D:1      | McCoppin, the Mummy Fighter, began the quest for the Orb.
     0 | D:1      | Reached XP level 1. HP: 18/18 MP: 1/1
   233 | D:1      | Reached XP level 2. HP: 22/24 MP: 2/2
   688 | D:2      | Noticed Terence
   768 | D:1      | Reached XP level 3. HP: 22/29 MP: 3/3
  1137 | D:2      | Killed from afar by Terence

Action                   || total
-------------------------++-------
Melee: Flail             ||    45
       Whip              ||   116
Throw: Stone             ||     2
  Use: Scroll            ||     2
